 Dungeon Crawl Stone Soup version 0.22-a0-299-g43f9854 (webtiles) character file.

703 sankara the Slasher (level 7, -5/45 HPs)
             Began as a Halfling Fighter on Mar 25, 2018.
             Killed by divine providence
             ... invoked by an orc priest
              (13 damage)
             ... on level 4 of the Dungeon on Mar 26, 2018.
             The game lasted 00:16:32 (5106 turns).

sankara the Slasher (Halfling Fighter)              Turns: 5106, Time: 00:16:32

Health: -5/45      AC:  9    Str: 17    XL:     7   Next: 99%
Magic:  7/7        EV: 10    Int:  8    God:
Gold:   185        SH:  9    Dex: 14    Spells: 6/6 levels left

rFire    . . .     SeeInvis .   a - +0 long sword
rCold    . . .     Gourm    +   r - +0 shield
rNeg     . . .     Faith    .   t - +0 scale mail
rPois    .         Spirit   .   (no helmet)
rElec    .         Reflect  .   (no cloak)
rCorr    .         Harm     .   (no gloves)
MR       .....                  v - +1 pair of boots {Stlth+}
Stlth    +.........             i - amulet of the gourmand {Gourm, !d}
HPRegen  0.15/turn              (no ring)
MPRegen  0.10/turn              (no ring)

@: lethally poisoned (-5 -> -6)
A: small, mutation resistance 1
a: no special abilities


You were on level 4 of the Dungeon.
You were completely stuffed.

You visited 1 branch of the dungeon, and saw 4 of its levels.

You collected 185 gold pieces.

Inventory:

Hand Weapons
 a - a +0 long sword (weapon)
 b - a +0 hunting sling
   (You took it off a goblin on level 2 of the Dungeon)
 c - a +0 falchion of holy wrath
   (You took it off an orc on level 3 of the Dungeon)
 w - a +0 blowgun
   (You took it off a kobold on level 3 of the Dungeon)
Missiles
 g - 162 stones (quivered)
 o - 20 sling bullets
Armour
 r - a +0 shield (worn)
 t - a +0 scale mail (worn)
 v - a +1 pair of boots of stealth (worn)
   (You found it on level 3 of the Dungeon)
Jewellery
 i - an amulet of the gourmand (around neck) {Gourm, !d}
   (You found it on level 1 of the Dungeon)
Wands
 D - a wand of flame (28)
   (You found it on level 4 of the Dungeon)
Scrolls
 e - 9 scrolls of identify {unknown}
 j - a scroll of magic mapping {unknown}
 n - 2 scrolls of enchant armour {unknown}
 u - a scroll of random uselessness {unknown}
 y - 2 scrolls of remove curse {unknown}
 A - a scroll of teleportation {unknown}
 B - a scroll of amnesia {unknown}
 C - a scroll of enchant weapon {unknown}
Potions
 d - a potion of might
 h - 2 potions of brilliance {unknown}
 k - a potion of haste {unknown}
 l - 2 potions of flight {unknown}
 m - a potion of lignification {unknown}
 p - 2 potions of degeneration {unknown}
 q - a potion of curing {unknown}
 s - a potion of heal wounds {unknown}
 z - 2 potions of invisibility {unknown}
Comestibles
 f - 7 rations
 x - 5 chunks of flesh {@w0}


   Skills:
 - Level 2.6 Fighting
 + Level 6.5 Long Blades
 + Level 5.5 Slings
 - Level 3.2 Armour
 - Level 3.1 Dodging
 - Level 1.2 Stealth
 - Level 3.2 Shields


You had 6 spell levels left.
You didn't know any spells.

Dungeon Overview and Level Annotations

Branches:
Dungeon (4/15)
 Temple: D:4-7

Altars:
Ashenzari
Cheibriados
Hepliaklqana
Nemelex Xobeh
Sif Muna
Xom
Zin

Shops:
D:4 (


Innate Abilities, Weirdness & Mutations

You are small and have problems with some larger weapons.
You are somewhat resistant to further mutation.


Message History

The adder is severely wounded.
The adder closely misses you. x2; You riposte.
You slash the adder!
You kill the adder!
No target in view!
No target in view!
You see here an adder corpse.
You butcher the adder corpse.
x - 5 chunks of flesh {@w0} (gained 1)
An orc comes into view. It is wielding a mace of venom.
The orc moves out of view.
An orc comes into view. It is wielding a flail.
The orc shouts!
A frilled lizard and an orc priest come into view.
An orc and an orc wizard come into view.
The orc wizard shouts!
The orc priest shouts!
The orc wizard gestures wildly while chanting.
The orc wizard seems to speed up.
You hit the orc.
The orc is heavily wounded.
The orc hits you but does no damage.
The orc wizard casts a cantrip, but nothing happens.
You barely miss the orc.
The orc is heavily wounded.
The orc wizard mumbles some strange words.
The orc wizard flickers and vanishes!
Deactivating autopickup; reactivate with Ctrl-A.
The orc hits you but does no damage.
You closely miss the orc.
The orc is heavily wounded.
The orc hits you but does no damage.
The orc priest mumbles some strange prayers to Beogh against you.
Beogh smites you!
You closely miss the orc.
The orc is heavily wounded.
The orc hits you with a flail.
The orc priest calls down the wrath of Beogh upon you.
Beogh smites you!
You are too injured to fight recklessly!
You are too injured to fight recklessly!
You are too injured to fight recklessly!
You are too injured to fight recklessly!
You are too injured to fight recklessly!
You are too injured to fight recklessly!
You are too injured to fight recklessly!
You are too injured to fight recklessly!
You are too injured to fight recklessly!
You are too injured to fight recklessly!
You are too injured to fight recklessly!
You are too injured to fight recklessly!
You are too injured to fight recklessly!
You are too injured to fight recklessly!
You are too injured to fight recklessly!
You are too injured to fight recklessly!
You are too injured to fight recklessly!
You are too injured to fight recklessly!
You are too injured to fight recklessly!
You are too injured to fight recklessly!
You are too injured to fight recklessly!
You are too injured to fight recklessly!
You are too injured to fight recklessly!
You are too injured to fight recklessly!
You are too injured to fight recklessly!
You are too injured to fight recklessly!
You are too injured to fight recklessly!
You are too injured to fight recklessly!
You closely miss the orc.
The orc is heavily wounded.
The orc hits you but does no damage.
You hit the orc.
You kill the orc!
The orc priest casts a cantrip, but nothing happens.
You closely miss the orc. You block the orc's attack.
You hit the orc.
The orc is severely wounded.
The orc hits you with a mace of venom.
You are poisoned.
You hit the orc but do no damage.
The orc is severely wounded.
You feel sick. The orc hits you but does no damage.
You hit the orc.
You kill the orc!
You feel sick.
The frilled lizard unfolds its giant frill.
Your shield and scale mail prevent you from hitting the orc priest.
You block the orc priest's attack. x2
You barely miss the orc priest.
You feel sick.
The orc drinks a potion.
The orc goes berserk!
The orc priest hits you but does no damage.
You slash the orc priest!
The orc priest is heavily wounded.
The orc rages.
The orc priest hits you.
* * * LOW HITPOINT WARNING * * *
You closely miss the orc priest.
The orc priest is heavily wounded.
You feel sick. The orc priest hits you.
* * * LOW HITPOINT WARNING * * *
The orc priest calls down the wrath of Beogh upon you.
Beogh smites you!
You die...

.....#(.##.### ##.###>###.#
.# #.##..# #.# ####.##
##.#..## #.# .......
.....#####.######### .......
...................# .......
..#..#####..######## .......
............##########.......
#.###.####......@olo.........
#.# #.######.#########.......
#.# #....###.# ....... #.#
####..##.# ....... ..#
##.##.# ....... .## ####.##
####### .# #รท.## ## ##..## #
#....#


You could see an orc priest, an orc (berserk) and a frilled lizard.

Vanquished Creatures
  2 ogres (D:4)
  A scorpion (D:4)
  2 howler monkeys (D:4)
  2 hounds (D:4)
  An iguana (D:4)
  A worker ant (D:4)
  Natasha (thrice) (D:3)
  A hound skeleton (D:4)
  9 adders
  An ooze (D:2)
  3 worms
  11 dart slugs
  2 leopard geckos (D:4)
  7 orcs
  2 ball pythons (D:2)
  4 giant cockroaches
  7 goblins
  7 hobgoblins
  2 jackals (D:2)
  5 quokkas
  8 bats
  5 frilled lizards
  13 kobolds
  5 rats
104 creatures vanquished.

Notes
Turn   | Place    | Note
-------+----------+-------------------------------------------
     0 | D:1      | sankara the Halfling Fighter began the quest for the Orb.
     0 | D:1      | Reached XP level 1. HP: 15/15 MP: 1/1
   101 | D:1      | Reached XP level 2. HP: 20/20 MP: 2/2
   127 | D:1      | Reached skill level 1 in Dodging
   464 | D:1      | Found a shattered altar of Ashenzari.
   586 | D:1      | Reached XP level 3. HP: 13/25 MP: 3/3
   588 | D:1      | HP: 5/25 [quokka (3)]
   858 | D:2      | Found a sparkling altar of Nemelex Xobeh.
   956 | D:2      | Reached skill level 2 in Dodging
   978 | D:2      | Reached skill level 3 in Long Blades
  1252 | D:2      | Reached XP level 4. HP: 30/30 MP: 4/4
  1285 | D:2      | Found a glowing silver altar of Zin.
  1620 | D:2      | Found a hazy altar of Hepliaklqana.
  1623 | D:2      | Found a shimmering altar of Xom.
  2028 | D:3      | Noticed Natasha
  2038 | D:3      | Killed Natasha
  2038 | D:3      | Reached skill level 3 in Dodging
  2038 | D:3      | Reached XP level 5. HP: 10/35 MP: 5/5
  2344 | D:3      | Found a faded altar of an unknown god.
  2355 | D:3      | Reached skill level 4 in Long Blades
  2472 | D:3      | Found a deep blue altar of Sif Muna.
  2536 | D:3      | Noticed Natasha
  2546 | D:3      | Killed Natasha
  3049 | D:3      | Found a shimmering altar of Xom.
  3088 | D:3      | Noticed Natasha
  3096 | D:3      | HP: 3/35 [iron imp[Natasha] (6)]
  3097 | D:3      | Killed Natasha
  3097 | D:3      | Reached skill level 5 in Long Blades
  3097 | D:3      | Reached XP level 6. HP: 4/41 MP: 6/6
  4071 | D:4      | Reached skill level 1 in Slings
  4071 | D:4      | Reached skill level 1 in Stealth
  4121 | D:4      | Reached skill level 2 in Slings
  4355 | D:4      | Noticed an ogre
  4358 | D:4      | Noticed an ogre
  4369 | D:4      | Killed an ogre
  4369 | D:4      | Reached skill level 3 in Slings
  4369 | D:4      | Reached XP level 7. HP: 22/45 MP: 7/7
  4591 | D:4      | Reached skill level 4 in Slings
  4633 | D:4      | Reached skill level 6 in Long Blades
  4832 | D:4      | Found a snail-covered altar of Cheibriados.
  4838 | D:4      | Reached skill level 5 in Slings
  4863 | D:4      | Found Edghostoawk's Weapon Boutique.
  5105 | D:4      | HP: 10/45 [orc priest (5)]
  5106 | D:4      | Killed from afar by an orc priest

Vault maps used:
D:1:      tarquinn_simple_flora_water_f, minmay_misc_feat_room,
          ashenzari_altar_1
D:2:      lemuel_doored_altar, nicolae_overflow_hidden_temple, first_ration,
          grunt_decor_clamped, minmay_pentomino_w2
D:3:      kennysheep_slugbush, lemuel_round_altar,
          chequers_ecumenical_altar_island, palyth_stone_intersect,
          minmay_misc_feat_x, xom_teletrap_fun, uniq_natasha
D:4:      cheibriados_altar_1, serial_shops, shop

Skill      XL: |  1  2  3  4  5  6  7 |
---------------+----------------------+-----
Dodging        | 1 2 3 |  3.1
Long Blades    | 3 5 6 |  6.5
Slings         | 3 5 |  5.5
Stealth        | 1 |  1.2
Fighting       | |  2.6
Armour         | |  3.2
Shields        | |  3.2

Action                   |  1- 3 |  4- 6 |  7- 9 || total
-------------------------+-------+-------+-------++-------
Melee: Long sword        |   104 |   213 |    89 ||   406
 Fire: Hunting sling     |       |    17 |       ||    17
Evoke: Wand              |       |       |     2 ||     2
 Stab: Sleeping          |       |       |     1 ||     1
  Eat: Chunk             |    13 |    11 |     2 ||    26
Armor: Scale mail        |    43 |    77 |    27 ||   147
Dodge: Dodged            |    40 |    93 |    33 ||   166
Block: Shield            |    67 |   103 |    34 ||   204
       Rpst.: Long sword |    15 |    40 |    14 ||    69

Table legend:
 A = Spawn XP
 B = Non-spawn XP
 C = Spawn XP percentage of total XP
 D = Spawn monster count
 E = Non-spawn monster count
 F = Spawn count percentage of total count
 G = Total turns spent on level
                    A         B        C        D         E        F      G
               +---------+---------+-------+---------+---------+-------+---------
         Total |       0 |    1005 |   0.0 |       0 |     104 |   0.0 |  5106
               +---------+---------+-------+---------+---------+-------+---------
           D:1 |       0 |      32 |   0.0 |       0 |      19 |   0.0 |   828
           D:2 |       0 |      77 |   0.0 |       0 |      26 |   0.0 |  1438
           D:3 |       0 |     224 |   0.0 |       0 |      34 |   0.0 |  1794
           D:4 |       0 |     672 |   0.0 |       0 |      25 |   0.0 |  1046
               +---------+---------+-------+---------+---------+-------+---------

Vault maps used:
D:1:      tarquinn_simple_flora_water_f, minmay_misc_feat_room,
          ashenzari_altar_1
D:2:      lemuel_doored_altar, nicolae_overflow_hidden_temple, first_ration,
          grunt_decor_clamped, minmay_pentomino_w2
D:3:      kennysheep_slugbush, lemuel_round_altar,
          chequers_ecumenical_altar_island, palyth_stone_intersect,
          minmay_misc_feat_x, xom_teletrap_fun, uniq_natasha
D:4:      cheibriados_altar_1, serial_shops, shop

Table legend:
 A = Turns spent in this place as a percentage of turns spent in the entire game.
 B = Non-inter-level travel turns spent in this place as a percentage of non-inter-level travel turns spent in the entire game.
 C = Inter-level travel turns spent in this place as a percentage of turns spent in this place.
 D = Turns resting spent in this place as a percentage of non-inter-level travel turns spent in this place.
 E = Turns spent auto-exploring this place as a percentage of non-inter-level travel turns spent in this place.
 F = Non-inter-level travel turns spent in this place divided by the number of levels of this place that you've seen.
                   A       B       C       D       E      F
               +-------+-------+-------+-------+-------+----------------------
         Total | 100.0 | 100.0 |   1.1 |  40.9 |  37.9 | 1262.0
       Dungeon | 100.0 | 100.0 |   1.1 |  40.9 |  37.9 | 1262.0
               +-------+-------+-------+-------+-------+----------------------

Table legend:
 A = Kills in this place as a percentage of kills in entire the game.
 B = Kills by you in this place as a percentage of kills by you in the entire game.
 C = Kills by friends in this place as a percentage of kills by friends in the entire game.
 D = Other kills in this place as a percentage of other kills in the entire game.
 E = Experience gained in this place as a percentage of experience gained in the entire game.
 F = Experience gained in this place divided by the number of levels of this place that you have seen.
                   A       B       C       D       E      F
               +-------+-------+-------+-------+-------+----------------------
         Total | 100.0 | 100.0 |   N/A |   N/A | 100.0 | 251.2
       Dungeon | 100.0 | 100.0 |   N/A |   N/A | 100.0 | 251.2
               +-------+-------+-------+-------+-------+----------------------
